Map: Goldenaura LE

Players

Reynor

  • Race: Zerg Zerg
  • League: Master
  • Spawn Location: 12:00

Harstem - Winner!

  • Race: Protoss Protoss
  • League: Grandmaster
  • Spawn Location: 5:00

VOD

Have the link to the VOD?

Description

Time

  • Played on: Oct. 16, 2023, 1:40 p.m.
  • Length: 21:48
Show
View Real Time Build Order
Export as new Build Order

Reynor Zerg 

Build Orders: Hatch First, Lurkers 

Get SALT Encoding   

  12  0:00  Drone  
  13  0:11  Overlord  
  13  0:16  Drone  
  14  0:29  Drone  
  14  0:30  Drone  
  16  0:48  Hatchery  
  15  0:52  Drone  
  15  0:55  Drone  
  17  0:58  Drone  
  18  1:09  Extractor  
  17  1:14  Spawning Pool  
  17  1:18  Drone  
  17  1:21  Drone  
  18  1:27  Drone  
  19  1:38  Drone  
  20  1:48  Overlord  
  20  2:01  Queen x2, Drone x2  
  26  2:10  Zergling x2  
  26  2:11  Zergling x2  
  28  2:20  Drone  
  28  2:21  Drone  
  30  2:24  Metabolic Boost  
  30  2:32  Drone x2  
  32  2:44  Hatchery  
  32  2:46  Queen  
  32  2:51  Overlord  
  33  2:53  Zergling x2  
  33  2:55  Drone  
  33  2:57  Drone  
  36  3:08  Queen  
  36  3:09  Drone  
  36  3:10  Drone x2  
  41  3:13  Overlord  
  41  3:18  Drone x2  
  43  3:20  Drone  
  43  3:27  Drone  
  44  3:28  Overlord  
  44  3:32  Queen  
  46  3:36  Drone  
  46  3:39  Drone  
  48  3:45  Queen  
  50  3:49  Zergling x2  
  50  3:50  Zergling x2  
  52  3:59  Drone x4  
  52  4:00  Drone  
  52  4:02  Drone  
  53  4:05  Spore Crawler  
  53  4:07  Drone  
  53  4:08  Queen  
  55  4:11  Drone  
  55  4:13  Drone  
  55  4:16  Drone  
  59  4:17  Drone  
  59  4:18  Drone  
  59  4:21  Spore Crawler  
  59  4:23  Drone x2  
  61  4:26  Spore Crawler  
  61  4:30  Drone x2  
  61  4:31  Drone  
  63  4:34  Overlord  
  63  4:35  Drone  
  63  4:37  Drone  
  65  4:42  Drone  
  65  4:45  Overlord  
  65  4:53  Drone x4  
  65  4:54  Evolution Chamber, Drone x2  
  70  5:02  Overlord  
  70  5:03  Drone  
  71  5:08  Hatchery  
  71  5:10  Zergling x8  
  71  5:11  Extractor  
  71  5:13  Zergling x2  
  74  5:17  Zergling x12  
  74  5:20  Overlord  
  80  5:23  Zergling x2, Zerg Melee Weapons Level 1  
  80  5:24  Zergling x2  
  80  5:27  Overlord  
  82  5:30  Lair  
  82  5:36  Overlord  
  82  5:39  Zergling x8  
  86  5:46  Zergling x8  
  90  5:51  Zergling x8  
  90  5:56  Zergling x6  
  97  6:02  Zergling x2  
  98  6:04  Overlord  
  98  6:07  Zergling x2  
  99  6:13  Zergling x10  
  105  6:18  Drone  
  105  6:20  Drone  
  105  6:23  Drone x3  
  105  6:24  Drone  
  110  6:26  Drone  
  110  6:29  Drone  
  110  6:30  Drone x3  
  110  6:32  Extractor, Drone  
  116  6:33  Infestation Pit, Drone  
  116  6:37  Drone  
  116  6:40  Overlord  
  116  6:41  Drone x3  
  116  6:42  Overseer, Drone  
  116  6:47  Drone x2  
  119  6:48  Hatchery  
  119  6:50  Overlord, Drone x2  
  119  6:53  Spore Crawler, Drone  
  120  6:57  Overlord  
  120  6:58  Drone x2  
  120  6:59  Drone x3  
  125  7:06  Drone x3  
  125  7:08  Overlord  
  126  7:10  Drone  
  126  7:11  Hive  
  123  7:18  Zerg Melee Weapons Level 2  
  123  7:20  Zergling x22  
  133  7:24  Zergling x2, Extractor  
  133  7:25  Extractor  
  133  7:26  Baneling Nest, Drone x3  
  133  7:27  Hydralisk Den  
  133  7:29  Zergling x2  
  134  7:31  Drone  
  134  7:32  Drone x2  
  137  7:40  Drone, Overlord  
  137  7:41  Drone x2  
  137  7:42  Drone  
  141  7:44  Extractor  
  141  7:45  Drone x3  
  141  7:46  Extractor, Drone x2  
  141  7:47  Hatchery, Drone  
  141  7:48  Drone x2  
  145  7:59  Zergling x14  
  145  8:03  Zergling x2  
  145  8:06  Centrifugal Hooks  
  145  8:09  Zergling x10  
  148  8:15  Drone x2  
  148  8:18  Lurker Den  
  148  8:21  Lurker Den  
  148  8:22  Drone x3  
  148  8:24  Adrenal Glands  
  150  8:27  Drone x3  
  150  8:28  Drone x3  
  150  8:29  Extractor, Drone x3  
  150  8:32  Zergling x2  
  159  8:36  Drone x4  
  159  8:39  Zergling x4  
  159  8:40  Overlord  
  163  8:42  Drone x3  
  163  8:43  Overlord  
  163  8:47  Zergling x8  
  165  8:48  Zergling x2  
  165  8:50  Overlord  
  165  8:51  Zergling x4  
  165  8:52  Zergling x2  
  165  8:53  Zergling x2  
  165  8:55  Zergling x2  
  155  9:00  Hydralisk x3  
  150  9:03  Hydralisk x2  
  150  9:08  Hydralisk x2  
  158  9:10  Zergling x2, Spore Crawler  
  158  9:11  Zergling x8  
  158  9:15  Seismic Spines  
  162  9:19  Zergling x16  
  162  9:21  Adaptive Talons  
  162  9:22  Zergling x6  
  173  9:24  Zergling x2  
  173  9:26  Lurker x3  
  173  9:27  Hydralisk  
  173  9:30  Zergling x2  
  180  9:32  Lurker x4  
  180  9:34  Zergling x14  
  190  9:39  Overlord  
  190  9:41  Zergling x10  
  195  9:47  Baneling x7  
  195  9:49  Overlord  
  195  9:55  Lurker  
  195  9:56  Hydralisk x2  
  194  10:01  Zergling x10  
  194  10:04  Spine Crawler  
  194  10:05  Spine Crawler x2  
  196  10:10  Zergling x6  
  199  10:24  Zerg Melee Weapons Level 3  
  199  10:27  Evolution Chamber  
  196  10:35  Lurker x2  
  170  10:50  Zergling x64  
  170  10:51  Zergling x4  
  170  10:52  Zergling x6  
  170  10:56  Hydralisk x2  
  188  11:00  Zergling x4  
  188  11:01  Zergling x2, Queen  
  188  11:02  Queen, Zerg Missile Weapons Level 1  
  188  11:03  Zergling x4  
  188  11:04  Zergling x4, Spire  
  198  11:10  Zergling x4  
  199  11:17  Zergling x6  
  196  11:20  Zergling x2  
  196  11:21  Zergling x14  
  196  11:22  Hydralisk  
  196  11:23  Hydralisk  
  181  11:26  Zergling x2, Hydralisk x2  
  181  11:28  Zergling x2  
  177  11:32  Hydralisk  
  177  11:33  Zergling x10  
  177  11:37  Hydralisk x3  
  177  11:38  Zergling x2, Queen  
  185  11:40  Hydralisk  
  185  11:43  Lurker x2  
  185  11:44  Zergling x6, Hydralisk  
  179  11:48  Hydralisk  
  179  11:51  Hydralisk x2  
  179  11:52  Zergling x4  
  179  11:53  Lurker x2  
  180  11:55  Hydralisk  
  180  11:56  Zergling x6  
  180  11:58  Zergling x8  
  189  12:01  Hydralisk  
  189  12:02  Lurker x3  
  189  12:03  Lurker, Baneling x7  
  189  12:04  Baneling x20  
  189  12:06  Zergling x8  
  199  12:12  Zergling x6  
  197  12:20  Zergling x6  
  198  12:40  Zergling x26  
  194  12:48  Zergling x16, Hydralisk  
  194  12:49  Zergling x6  
  194  12:51  Lurker x5  
  194  12:54  Zergling x4  
  197  13:05  Zergling x2  
  197  13:06  Zergling x4  
  197  13:07  Zerg Flyer Weapons Level 1  
  194  13:20  Zergling x12  
  194  13:25  Hydralisk  
  194  13:26  Zergling x24  
  193  13:27  Extractor  
  193  13:29  Hydralisk  
  193  13:31  Zergling x4, Extractor  
  193  13:32  Hydralisk  
  179  13:36  Zergling x4  
  179  13:37  Zergling x4  
  179  13:38  Lurker  
  182  13:41  Hydralisk  
  182  13:42  Zergling x10  
  182  13:44  Zerg Missile Weapons Level 2  
  182  13:47  Queen  
  191  13:49  Baneling  
  191  13:50  Baneling x9  
  191  13:53  Zergling x12  
  197  14:01  Hatchery  
  179  14:11  Zergling x32  
  179  14:13  Hydralisk  
  179  14:16  Hydralisk  
  161  14:17  Zergling x4  
  161  14:19  Hydralisk  
  161  14:21  Corruptor  
  157  14:24  Hydralisk x3  
  157  14:26  Lurker x3  
  157  14:27  Lurker, Zergling x2  
  168  14:32  Zergling x10  
  168  14:35  Hydralisk x2  
  168  14:36  Hydralisk x2  
  168  14:37  Queen  
  168  14:38  Hydralisk x2  
  185  14:41  Hydralisk x2  
  185  14:44  Lurker  
  185  14:45  Lurker x2  
  194  14:48  Zerg Ground Armor Level 1, Hatchery  
  194  14:51  Hydralisk x3  
  194  14:52  Zergling x4  
  199  14:57  Lurker  
  197  15:08  Zergling x8  
  197  15:13  Lurker x2  
  198  15:22  Lurker  
  198  15:23  Lurker, Overseer  
  198  15:27  Greater Spire  
  190  15:40  Lurker x9  
  190  15:42  Zergling x26  
  200  15:45  Zergling x4  
  200  15:47  Zergling x8  
  198  15:54  Zergling x4  
  200  16:21  Extractor  
  200  16:22  Extractor  
  200  16:23  Zergling x20  
  200  16:24  Zergling x2  
  199  16:30  Zergling x36  
  190  16:33  Zergling x6, Hydralisk  
  190  16:34  Zergling x24  
  190  16:38  Hydralisk  
  190  16:39  Zergling x2  
  183  16:42  Zergling x6  
  183  16:45  Zerg Ground Armor Level 2, Zerg Missile Weapons Level 3  
  183  16:46  Hydralisk x4  
  176  16:52  Hydralisk x5  
  176  16:54  Zergling x6  
  189  17:00  Baneling x12  
  183  17:04  Zergling x26  
  180  17:16  Lurker x6  
  180  17:19  Zergling x30  
  180  17:22  Baneling x10  
  191  17:23  Zergling x6  
  191  17:25  Lurker  
  191  17:26  Lurker x4  
  191  17:28  Zergling x6  
  199  17:31  Spore Crawler, Spine Crawler  
  178  17:45  Hatchery  
  178  17:46  Hydralisk  
  178  17:47  Zergling x30  
  178  17:48  Zergling x4  
  193  17:52  Hydralisk x2  
  193  17:53  Zergling x8  
  199  18:04  Hydralisk x2  
  197  18:19  Lurker  
  195  18:20  Lurker x2  
  195  18:24  Zergling x4  
  199  18:38  Hydralisk  
  199  18:39  Zergling x44  
  199  18:40  Zergling x8, Hydralisk  
  188  18:41  Hydralisk x3  
  188  18:46  Hydralisk x2  
  188  18:47  Queen  
  177  18:49  Hydralisk x2  
  177  18:50  Hydralisk  
  177  18:51  Lurker  
  175  18:56  Hydralisk x2  
  175  18:57  Zergling x2, Hydralisk x3  
  175  18:58  Zergling x12  
  175  19:01  Hydralisk  
  168  19:16  Lurker x6, Corruptor x2  
  164  19:18  Brood Lord  
  162  19:27  Lurker  
  162  19:28  Corruptor x5  
  150  19:32  Zergling x32  
  150  19:35  Overlord  
  150  19:39  Overlord  
  150  19:42  Overlord  
  138  19:55  Brood Lord x2  
  138  19:58  Drone x3  
  118  20:01  Brood Lord x5  
  118  20:03  Drone x3  
  118  20:22  Zergling x10  
  118  20:23  Zergling x8  
  120  20:36  Zergling x4  
  120  20:37  Zergling x2  
  120  20:41  Zergling x6  
  117  20:49  Hatchery  
  116  20:54  Zergling x6  
  115  21:16  Corruptor x3  
Show
View Real Time Build Order
Export as new Build Order

Harstem Protoss - Winner!

Build Orders: 1 Gate Expand, Oracle Opening 

Get SALT Encoding   

  12  0:00  Probe  
  13  0:12  Probe  
  14  0:19  Pylon  
  14  0:24  Probe  
  15  0:37  Probe (Chrono Boost)  
  15  0:40  Gateway  
  16  0:46  Probe (Chrono Boost)  
  17  0:50  Assimilator  
  17  0:52  Probe  
  18  1:04  Probe  
  19  1:17  Probe  
  20  1:27  Nexus  
  20  1:37  Cybernetics Core  
  21  1:40  Probe  
  21  1:46  Assimilator  
  21  1:52  Probe  
  22  1:54  Pylon  
  22  2:04  Probe  
  23  2:11  Adept (Chrono Boost)  
  25  2:16  Probe  
  25  2:20  Stargate  
  26  2:28  Probe  
  27  2:31  Adept (Chrono Boost)  
  27  2:35  Warp Gate  
  29  2:39  Probe  
  29  2:40  Probe  
  31  2:51  Probe  
  32  2:52  Probe  
  32  2:54  Zealot  
  35  3:01  Oracle (Chrono Boost)  
  35  3:03  Probe  
  35  3:04  Probe  
  40  3:15  Probe  
  40  3:16  Probe  
  42  3:25  Pylon  
  42  3:26  Gateway  
  42  3:27  Probe  
  42  3:33  Oracle (Chrono Boost)  
  46  3:43  Probe x2  
  46  3:46  Nexus  
  48  3:55  Probe x2  
  48  4:07  Pylon, Probe x2  
  48  4:10  Twilight Council  
  48  4:20  Probe x2  
  50  4:26  Stalker x2  
  50  4:28  Gateway  
  50  4:30  Gateway  
  54  4:32  Probe x2  
  54  4:37  Assimilator  
  54  4:38  Assimilator  
  56  4:41  Blink (Chrono Boost)  
  56  4:44  Pylon, Probe  
  54  4:47  Probe  
  54  4:50  Gateway  
  54  4:51  Stalker  
  57  4:56  Probe  
  57  4:57  Stalker  
  57  4:58  Probe  
  61  5:01  Probe  
  62  5:08  Probe  
  62  5:10  Probe  
  62  5:13  Probe  
  65  5:15  Shield Battery  
  65  5:16  Stalker  
  65  5:20  Stalker, Probe  
  70  5:22  Probe  
  70  5:25  Probe  
  70  5:27  Forge, Oracle (Chrono Boost)  
  72  5:35  Probe  
  76  5:37  Probe  
  76  5:40  Pylon  
  76  5:41  Stalker  
  80  5:43  Stalker  
  80  5:46  Probe  
  80  5:47  Probe  
  83  5:52  Stalker  
  83  5:53  Pylon  
  85  5:58  Probe  
  85  6:00  Stalker  
  85  6:02  Probe  
  85  6:03  Probe  
  88  6:04  Stalker  
  88  6:11  Probe  
  91  6:14  Probe  
  91  6:16  Probe  
  91  6:17  Stalker x2  
  95  6:19  Assimilator  
  95  6:21  Protoss Ground Weapons Level 1 (Chrono Boost), Assimilator  
  95  6:22  Templar Archives  
  95  6:23  Probe  
  96  6:26  Pylon, Probe  
  96  6:28  Probe  
  96  6:35  Zealot  
  96  6:36  Zealot  
  100  6:41  Pylon, Probe  
  100  6:46  Pylon  
  100  6:47  Probe  
  100  6:51  Probe  
  100  6:52  Charge (Chrono Boost)  
  102  6:55  Pylon  
  102  6:59  Pylon  
  102  7:02  Zealot x3, Nexus  
  102  7:07  Zealot  
  107  7:17  Probe  
  107  7:19  Probe  
  107  7:20  Psionic Storm  
  109  7:23  Gateway  
  109  7:27  Gateway  
  109  7:28  High Templar x4  
  109  7:29  Photon Cannon, Probe  
  118  7:31  Probe  
  118  7:33  Probe  
  118  7:36  Robotics Facility  
  120  7:39  Pylon  
  120  7:42  Probe  
  121  7:49  Probe  
  121  7:50  Pylon  
  122  7:51  Gateway  
  122  7:53  Gateway  
  122  8:00  Zealot x4  
  122  8:02  Probe  
  122  8:03  Archon  
  127  8:06  Probe  
  127  8:08  Probe  
  127  8:12  Protoss Ground Weapons Level 2 (Chrono Boost)  
  125  8:15  Nexus  
  126  8:20  Gateway  
  126  8:24  Assimilator  
  126  8:25  High Templar, Gateway  
  126  8:26  High Templar x3  
  133  8:28  Assimilator  
  133  8:32  Shield Battery  
  133  8:37  Warp Prism (Chrono Boost)  
  133  8:40  Probe  
  136  8:43  High Templar x2  
  140  8:49  Archon  
  140  8:51  Zealot x2  
  140  8:52  Archon  
  140  8:54  Probe  
  129  8:58  Probe x2  
  129  9:02  High Templar x2  
  131  9:07  Zealot x2, Probe  
  131  9:09  Observer (Chrono Boost)  
  139  9:11  Probe x2  
  141  9:17  High Templar, Gateway  
  141  9:18  High Templar  
  141  9:19  Gateway  
  141  9:23  Zealot x4  
  153  9:29  Probe  
  153  9:31  Forge  
  154  9:32  Zealot x2  
  158  9:41  Immortal (Chrono Boost)  
  162  9:47  Robotics Facility  
  162  9:49  Photon Cannon  
  162  9:51  Photon Cannon  
  162  9:55  High Templar x3  
  168  10:00  High Templar  
  168  10:03  Archon  
  168  10:04  Archon, Photon Cannon  
  170  10:10  Pylon  
  170  10:11  Pylon  
  170  10:12  Pylon  
  170  10:19  Protoss Shields Level 1 (Chrono Boost)  
  170  10:21  Zealot  
  170  10:26  Pylon  
  170  10:27  Immortal (Chrono Boost)  
  170  10:28  Probe  
  177  10:29  Pylon  
  167  10:36  Protoss Ground Weapons Level 3 (Chrono Boost)  
  167  10:41  Immortal (Chrono Boost)  
  167  10:43  High Templar  
  159  10:56  Zealot x11  
  169  10:58  Immortal (Chrono Boost)  
  169  11:01  Nexus  
  169  11:03  Pylon  
  167  11:22  Immortal (Chrono Boost)  
  141  11:30  Zealot x11  
  155  11:34  Archon  
  155  11:38  Zealot  
  147  11:50  Immortal (Chrono Boost)  
  147  11:51  High Templar x5  
  159  11:58  Probe  
  160  12:03  Zealot x5  
  160  12:04  Zealot  
  160  12:05  Zealot  
  160  12:06  Immortal (Chrono Boost)  
  178  12:13  Photon Cannon  
  178  12:14  Photon Cannon, Protoss Shields Level 2 (Chrono Boost)  
  176  12:17  Assimilator  
  172  12:27  Observer (Chrono Boost)  
  171  12:31  High Templar x4  
  171  12:32  Zealot x7  
  188  12:37  Immortal (Chrono Boost)  
  188  12:39  Archon  
  188  12:40  Archon, Zealot  
  188  12:41  Immortal (Chrono Boost)  
  168  12:52  Zealot x7  
  182  13:01  Protoss Ground Armor Level 1 (Chrono Boost)  
  182  13:12  Immortal (Chrono Boost)  
  184  13:13  Assimilator, Immortal (Chrono Boost)  
  184  13:15  High Templar x3  
  184  13:16  High Templar x3  
  184  13:17  Zealot x4  
  200  13:21  Archon x2  
  200  13:26  Archon  
  180  13:32  Zealot x2  
  162  13:41  Zealot x4  
  166  13:46  Immortal  
  162  14:03  Zealot x12  
  184  14:11  Archon  
  184  14:16  Immortal (Chrono Boost)  
  148  14:22  Immortal (Chrono Boost)  
  138  14:26  Probe x3  
  138  14:27  Probe  
  138  14:28  High Templar x4  
  138  14:31  High Templar x4, Protoss Shields Level 3 (Chrono Boost)  
  154  14:35  Archon  
  154  14:37  Archon  
  158  14:41  Probe  
  158  14:43  Probe  
  158  14:46  Zealot x3  
  158  14:47  Zealot  
  158  14:51  Immortal (Chrono Boost)  
  166  14:54  Immortal (Chrono Boost)  
  166  14:58  Protoss Ground Armor Level 2  
  168  15:01  Zealot  
  162  15:15  High Templar x4  
  162  15:16  High Templar x2  
  162  15:17  Zealot x5  
  162  15:20  Archon x2  
  162  15:21  Warp Prism  
  176  15:26  Immortal (Chrono Boost)  
  176  15:28  Zealot  
  184  15:29  Shield Battery  
  184  15:31  Pylon  
  182  15:39  Zealot x5  
  183  15:47  Zealot  
  177  15:52  High Templar x3  
  177  15:53  High Templar x2  
  177  15:54  High Templar  
  177  15:56  Archon x2  
  189  15:57  Archon  
  189  15:58  Archon  
  189  16:02  Immortal (Chrono Boost)  
  194  16:08  Observer (Chrono Boost)  
  194  16:23  Archon x2, Zealot x5  
  198  16:31  Observer  
  147  16:43  Zealot x4  
  147  16:44  Zealot x4  
  163  16:47  Zealot x4  
  168  17:05  Zealot x2  
  168  17:07  High Templar x4  
  180  17:12  Zealot x3  
  180  17:13  Zealot x3  
  182  17:31  Zealot x2  
  182  17:34  Immortal  
  170  17:40  High Templar x4  
  170  17:42  Stalker  
  180  17:46  Archon  
  174  17:55  High Templar x4  
  174  17:57  High Templar x2, Zealot  
  180  18:00  Probe  
  180  18:03  Archon  
  180  18:04  Archon  
  174  18:08  Archon  
  174  18:10  Zealot  
  174  18:11  Probe  
  172  18:12  Zealot  
  172  18:13  Zealot x3  
  178  18:20  Zealot  
  172  18:47  Zealot x6  
  172  18:48  Zealot  
  178  19:05  Nexus  
  168  19:17  Zealot x3  
  172  19:35  High Templar  
  172  19:36  High Templar x3, Zealot  
  180  19:43  Archon x2, Zealot x2  
  164  20:03  High Templar x4  
  172  20:13  Archon  
  172  20:14  Observer  
  166  20:23  Zealot  
  166  20:28  Archon  
  168  20:35  Void Ray (Chrono Boost)  
  172  20:39  Stalker x4  
  172  20:53  Zealot  
  172  20:54  Zealot x4  
  168  21:13  Stalker x3  
  164  21:32  Zealot x4  
Tags
 
Add a new tag
Caveats
  • Supply blocks, unpowered buildings, or Contaminate may cause inaccurate times.
  • Supply counts are checked every 10 seconds.